 Dungeon Crawl Stone Soup version 0.22.1-1-ga44c0e56f4 (webtiles) character file.

14 hofbold the Ruffian (level 2, -2/27 HPs)
             Began as an Ogre Transmuter on Oct 12, 2018.
             Slain by a jackal (3 damage)
             ... on level 1 of the Dungeon.
             The game lasted 00:02:27 (882 turns).

hofbold the Ruffian (Ogre Transmuter)                Turns: 882, Time: 00:02:27

Health: -2/27      AC:  3    Str: 13    XL:     2   Next: 41%
Magic:  4/5        EV: 10    Int: 14    God:
Gold:   0          SH:  0    Dex:  9    Spells: 5/6 levels left

rFire    . . .     SeeInvis .     - Unarmed
rCold    . . .     Gourm    .   (no shield)
rNeg     . . .     Faith    .   b - +0 robe
rPois    .         Spirit   .   (helmet restricted)
rElec    .         Reflect  .   (no cloak)
rCorr    .         Harm     .   (gloves unavailable)
MR       .....                  (boots unavailable)
Stlth    +.........             (no amulet)
HPRegen  0.09/turn              (no ring)
MPRegen  0.09/turn              (no ring)

@: appendage (expiring)
A: large, unfitting armour, horns 2, tough skin 1
a: End Transformation


You were on level 1 of the Dungeon.
You were not hungry.
You had grown temporary horns.
You visited 1 branch of the dungeon, and saw 1 of its levels.

Inventory:

Missiles
 a - 12 arrows
 c - 6 stones (quivered)
Armour
 b - a +0 robe (worn)
Scrolls
 e - a scroll of immolation {unknown}
 f - a scroll of identify {unknown}
 g - a scroll of magic mapping {unknown}
Potions
 h - a potion of invisibility {unknown}
Comestibles
 d - a ration
 i - a chunk of flesh


   Skills:
 + Level 1.5 Fighting
 + Level 0.2 Throwing
 * Level 2.0 Dodging
 + Level 0.2 Stealth
 * Level 2.8 Unarmed Combat
 + Level 2.5 Spellcasting
 * Level 2.0 Transmutations


You had 5 spell levels left.
You knew the following spells:

 Your Spells              Type           Power        Failure   Level  Hunger
a - Beastly Appendage     Tmut           #.....       10%         1    #......

Your spell library contained the following spells:

 Spells                   Type           Power        Failure   Level  Hunger
 Sticks to Snakes         Tmut           #.......     14%         2    ###....
 Spider Form              Tmut/Pois      #.........   41%         3    ###....
 Ice Form                 Ice/Tmut       #.......     83%         4    #####..
 Blade Hands              Tmut           #.........   95%         5    ######.


Dungeon Overview and Level Annotations

Branches:
Dungeon (1/15)

Altars:


Innate Abilities, Weirdness & Mutations

You are too large for most types of armour.
You have tough skin. (AC +1)
You have a pair of horns on your head.


Message History

The jackal bites you but does no damage.
The hobgoblin hits you with a club. The jackal bites you.
You hit the jackal but do no damage.
The jackal is severely wounded.
The jackal bites you but does no damage.
The hobgoblin hits you with a club.
* * * LOW HITPOINT WARNING * * *
You closely miss the jackal.
The jackal is severely wounded.
The jackal barely misses you.
You hit the hobgoblin but do no damage. The jackal bites you.
* * * LOW HITPOINT WARNING * * *
The hobgoblin hits you with a club.
* * * LOW HITPOINT WARNING * * *
The jackal barely misses you.
Your transformation is almost over.
The jackal closely misses you.
There is a stone staircase leading down here.
The jackal bites you.
You die...

#.. ##.......... .
#.#####...........
#.##.#.......#.........
K......................
.......................
...........g....##....
.....####..>###......#
#..##....).h.....#.?...
#.(......@..$..#.....
######...............
#)######.)...... #.#
##..?.. #.# ###...
#.#####.......
#..#....# ##...####
#......####.


You could see a jackal and a hobgoblin.

Vanquished Creatures
  A dart slug (D:1)
  A giant cockroach (D:1)
  A hobgoblin (D:1)
  A jackal (D:1)
  2 kobolds (D:1)
  A bat (D:1)
  A goblin (D:1)
  4 rats (D:1)
12 creatures vanquished.

Notes
Turn   | Place    | Note
-------+----------+-------------------------------------------
     0 | D:1      | hofbold the Ogre Transmuter began the quest for the Orb.
     0 | D:1      | Reached XP level 1. HP: 19/19 MP: 3/3
   552 | D:1      | Reached XP level 2. HP: 12/27 MP: 3/5
   877 | D:1      | HP: 1/27 [hobgoblin/club (5)]
   882 | D:1      | Slain by a jackal

Skill      XL: |  1  2 |
---------------+-------+-----
Dodging        | 2 |  2.0
Transmutations | 2 |  2.0
Fighting       | |  1.5
Throwing       | |  0.2
Stealth        | |  0.2
Unarmed Combat | |  2.8
Spellcasting   | |  2.5

Action                   || total
-------------------------++-------
Melee: Unarmed           ||    76
       Kick              ||     1
       Headbutt          ||     1
 Cast: Beastly Appendage ||     9
Armor: Robe              ||    34
Dodge: Dodged            ||    45
